R2

Match 16079954
End
Construct Infanterie Kompanie
Kettenkrad Recon Vehicle
GrW 34 Mortar Team
Selects Italian Coastal Battlegroup
Selects Coastal Reserves
Coastal Reserve
Coastal Reserve
MG 42 Bunker
MG 42 Bunker
Selects Artillery Officer
Artillery Officer
Construct Panzergrenadier Kompanie
Medical Bunker
MG 42 Bunker
Support Elements
Panzergrenadier Officer Quarters
StuG III G Assault Gun
StuG III G Assault Gun
StuG III G Assault Gun
StuG III G Assault Gun
Repair Bunker
Selects Obice da 210/22 Artillery Emplacement
MG 42 Bunker
Selects Support Bunkers
Medical Bunker
Selects Rapid Fortifications
Selects Call the Reserves!
Call the Reserves!
Rapid Fortifications
Coastal Reserve
Construct Panzer Kompanie
Artillery Officer
Panzer IV Medium Tank
Artillery Officer
Artillery Officer
Coastal Reserve
Rapid Fortifications
Call the Reserves!
MG 42 Bunker
Coastal Reserve
Rapid Fortifications
Anti-tank Bunker
Kettenkrad Recon Vehicle
Rapid Fortifications
Panzergrenadier Squad
MG 42 Bunker
Coastal Reserve
Call the Reserves!
Father of Frogs
CLARK
Tok3n x Operator
MonoChrome
0
0

Comments sign in to comment!

No comments posted yet!